 Dungeon Crawl Stone Soup version 0.28.0-45-g0d030f2227 (webtiles) character file.

Game seed: 10559944673061723496

42 Icepheonix32 the Skirmisher (level 3, -1/29 HPs)
             Began as a Demonspawn Fighter on Apr 7, 2022.
             Slain by a goblin
             ... wielding the +8 war axe "Impslayer" {vorpal, rElec rPois rF+ Int+3}
              (9 damage)
             ... on level 2 of the Dungeon.
             The game lasted 00:00:55 (1276 turns).

Icepheonix32 the Skirmisher (Demonspawn Fighter)    Turns: 1276, Time: 00:00:56

Health: -1/29      AC:  6    Str: 18    XL:     3   Next: 35%
Magic:  3/3        EV:  9    Int:  9    God:
Gold:   28         SH:  4    Dex: 12    Spells: 2/2 levels left

rFire   . . .      SeeInvis .   a - +0 long sword
rCold   . . .      Faith    .   c - +0 buckler
rNeg    . . .      Spirit   .   b - +0 scale mail
rPois   .          Reflect  .   (no helmet)
rElec   .          Harm     .   (no cloak)
rCorr   .          Rampage  .   (no gloves)
Will    .....                   (no boots)
Stlth   ..........              (no amulet)
HPRegen 0.09/turn               (no ring)
MPRegen 0.08/turn               (no ring)

@: no status effects
A: ignite blood 1, sturdy frame 1
a: no special abilities


You were on level 2 of the Dungeon.
You visited 1 branch of the dungeon, and saw 2 of its levels.

You collected 28 gold pieces.

Inventory:

Hand Weapons
 a - a +0 long sword (weapon)
Missiles
 l - 4 boomerangs (quivered)
Armour
 b - a +0 scale mail (worn)
 c - a +0 buckler (worn)
 j - a +0 ring mail
Magical Staves
 f - a staff of death
Scrolls
 e - a scroll of acquirement {unknown}
 h - 2 scrolls of vulnerability {unknown}
 i - a scroll of identify {unknown}
 k - 2 scrolls of summoning {unknown}
 m - a scroll of brand weapon {unknown}
Potions
 d - a potion of might
 g - 2 potions of flight {unknown}
 n - a potion of resistance {unknown}


   Skills:
 + Level 3.3 Fighting
 * Level 2.4 Long Blades
 + Level 3.0 Armour
 + Level 3.0 Shields


You had 2 spell levels left.
You didn't know any spells.
Your spell library was empty.

Dungeon Overview and Level Annotations

Branches:
Dungeon (2/15)

Altars:


Innate Abilities, Weirdness & Mutations

Your demonic aura sometimes causes spilled blood to erupt in flames.
Your movements are slightly less encumbered by armour. (ER -2)


Message History

No target in view!
There is a stone staircase leading up here.
You now have 17 gold pieces (gained 10).
Found a dagger.
You now have 28 gold pieces (gained 11).
You see here a +0 dagger.
A kobold comes into view.
It is wielding a +1 short sword of freezing.
Found a scroll labelled JAIMAIPRON.
The kobold shouts!
The kobold throws a stone.
The stone hits you but does no damage.
A kobold is nearby!
The kobold throws a stone.
The stone barely misses you.
A goblin comes into view.
It is wielding the +8 war axe "Impslayer" {vorpal, rElec rPois rF+ Int+3}.
The goblin shouts!
You hit the kobold.
You kill the kobold!
A ball python comes into view.
You closely miss the goblin.
The ball python hisses angrily.
The goblin hits you with the +8 war axe "Impslayer" {vorpal, rElec rPois rF+ Int+3}.
You hit the goblin.
The goblin is severely wounded.
The goblin barely misses you.
The goblin hits you with the +8 war axe "Impslayer" {vorpal, rElec rPois rF+ Int+3}!
* * * LOW HITPOINT WARNING * * *
You are too injured to fight recklessly!
You are too injured to fight recklessly!
You are too injured to fight recklessly!
You are too injured to fight recklessly!
You are too injured to fight recklessly!
You are too injured to fight recklessly!
You are too injured to fight recklessly!
You are too injured to fight recklessly!
You are too injured to fight recklessly!
You are too injured to fight recklessly!
Unknown command.
You closely miss the goblin.
The goblin is severely wounded.
The goblin hits you with the +8 war axe "Impslayer" {vorpal, rElec rPois rF+ Int+3}!
You die...

.#### #
####...^
#.#.....?#
.#......#
.......#
#......#
#Sg....#
#.@....#
#####......#
#......#.###
#.######.#
#.# # #.#
#.#
#.#######
#.......#


You could see a goblin and a ball python.

Vanquished Creatures
  An adder (D:2)
  A dart slug (D:1)
  A bat (D:1)
  5 endoplasms (D:1)
  A giant cockroach (D:1)
  A hobgoblin (D:1)
  2 quokkas (D:1)
  5 ball pythons (D:1)
  3 frilled lizards (D:1)
  4 goblins
  4 kobolds
  2 rats (D:1)
30 creatures vanquished.

Notes
Turn   | Place    | Note
-------+----------+-------------------------------------------
     0 | D:1      | Icepheonix32 the Demonspawn Fighter began the quest for the
                  | Orb.
     0 | D:1      | Reached XP level 1. HP: 18/18 MP: 1/1
   112 | D:1      | Gained mutation: Your demonic aura sometimes causes spilled
                  | blood to erupt in flames. [demonic ancestry]
   112 | D:1      | Reached XP level 2. HP: 24/24 MP: 2/2
   342 | D:1      | Found a faded altar of an unknown god.
   821 | D:1      | Gained mutation: Your movements are slightly less
                  | encumbered by armour. (ER -2) [demonic ancestry]
   821 | D:1      | Reached XP level 3. HP: 28/29 MP: 3/3
  1271 | D:2      | Identified the +8 war axe "Impslayer" {vorpal, rElec rPois
                  | rF+ Int+3}
  1276 | D:2      | Slain by a goblin

Illustrated notes

Levels and vault maps discovered:
D:1:      evilmike_arrival_crescent, layout_loops_ring,
          ebering_ecumenical_altar_webs, hex_medium, minmay_pentomino_s2
D:2:      layout_basic

Skill      XL: |  1  2  3 |
---------------+----------+-----
Long Blades    | 2 |  2.4
Shields        | 3 |  3.0
Armour         | 3 |  3.0
Fighting       | |  3.3

Action                   || total
-------------------------++-------
Melee: Long sword        ||    59
Throw: Boomerang         ||     7
Armor: Scale mail        ||    32
Dodge: Dodged            ||    23
Block: Buckler           ||    16
